 Dungeon Crawl Stone Soup version 0.27-a0-633-gc6addc0a40 (webtiles) character file.

Game seed: 5616670102181695102

2882 jestyr24 the Destroyer (level 9, -23/53 (54) HPs)
             Began as a Deep Elf Conjurer on Mar 14, 2021.
             Was a Believer of Vehumet.
             Killed by the air
             ... invoked by Gastronok
              (29 damage)
             ... on level 8 of the Dungeon.
             The game lasted 00:49:46 (9199 turns).

jestyr24 the Destroyer (Deep Elf Conjurer)          Turns: 9199, Time: 00:49:47

HP:   -23/53 (54)   AC:  3    Str:  4    XL:     9   Next: 48%
MP:   2/22          EV: 13    Int: 27    God:    Vehumet [**....]
Gold: 452           SH:  0    Dex: 13    Spells: 16/23 levels left

rFire    . . .     SeeInvis .   n - +0 shortbow
rCold    . . .     Faith    .   (shield currently unavailable)
rNeg     . . .     Spirit   .   a - +0 robe
rPois    .         Reflect  .   (no helmet)
rElec    .         Harm     .   D - +0 cloak
rCorr    .         Rampage  .   (no gloves)
Will     .....                  (no boots)
Stlth    +++.......             (no amulet)
HPRegen  0.17/turn              (no ring)
MPRegen  0.18/turn              (no ring)

@: lightly drained
A: no striking features
a: Renounce Religion


You were on level 8 of the Dungeon.
You worshipped Vehumet.
Vehumet was pleased with you.
You visited 2 branches of the dungeon, and saw 9 of its levels.

You collected 452 gold pieces.

Inventory:

Hand Weapons
 d - a +1 hand axe
 n - a +0 shortbow (weapon)
 u - a +2 dagger of pain
Missiles
 b - 62 bolts
 h - 75 arrows (quivered ammo)
 i - 230 stones
 F - 4 poisoned darts
Armour
 a - a +0 robe (worn)
 e - a +1 ring mail of poison resistance
 j - +0 swamp dragon scales
 z - a +0 buckler
 D - a +0 cloak (worn)
Magical Staves
 w - a staff of cold
Jewellery
 G - a ring of flight
 H - a +6 ring of intelligence
Wands
 t - a wand of flame (11)
 A - a wand of digging (3)
Scrolls
 g - 10 scrolls of identify
 m - a scroll of immolation
 p - a scroll of amnesia
 q - a scroll of blinking {unknown}
 x - a scroll of silence
 y - a scroll of summoning {unknown}
 C - a scroll of teleportation
Potions
 c - 2 potions of degeneration {unknown}
 f - 2 potions of curing {unknown}
 k - 2 potions of lignification {unknown}
 l - 3 potions of attraction {unknown}
 o - 2 potions of might {unknown}
 r - a potion of flight {unknown}
 s - 3 potions of magic
 v - 3 potions of heal wounds
 B - a potion of ambrosia {unknown}
 E - a potion of berserk rage {unknown}


   Skills:
 - Level 5.3 Fighting
 - Level 7.2 Bows
 - Level 3.3 Dodging
 + Level 5.1 Stealth
 + Level 7.9 Spellcasting
 + Level 8.0 Conjurations
 + Level 4.4 Hexes


You had 16 spell levels left.
You knew the following spells:

 Your Spells              Type           Power      Damage    Failure   Level
a - Magic Dart            Conj           100%       1d8       1%          1
b - Searing Ray           Conj           100%       3d7       1%          2
c - Fulminant Prism       Conj/Hex       22%        3d13      4%          4

Your spell library contained the following spells:

 Spells                   Type           Power      Damage    Failure   Level
 Mephitic Cloud           Conj/Pois/Air  25%        N/A       5%          3
 Dazzling Flash           Conj/Hex       88%        N/A       1%          3
 Iskenderun's Mystic Bla  Conj/Tloc      32%        2d8       10%         4


Dungeon Overview and Level Annotations

Branches:
Dungeon (8/15)             Temple (1/1) D:4
   Lair: D:8-11

Altars:
Ashenzari
Cheibriados
Dithmenos
Elyvilon
Fedhas
Gozag
Hepliaklqana
Kikubaaqudgha
Makhleb
Nemelex Xobeh
Okawaru
Qazlal
Ru
Sif Muna
Trog
Uskayaw
Vehumet
Wu Jian
Xom
Yredelemnul
Zin
The Shining One

Annotations:
D:8 Gastronok


Message History

Fire: 78 arrows
Press: ? - help, Q - select action, (/) - cycle Shift-Dir - straight line, f/p - Gastronok
Aim: Gastronok, wearing a +0 hat (almost dead, 94% to hit)
You shoot an arrow. The arrow hits the rat.
You kill the rat!
The rat's corpse disappears in a puff of smoke!
Fire: 77 arrows
Press: ? - help, Q - select action, (/) - cycle Shift-Dir - straight line, f/p - Gastronok
Aim: Gastronok, wearing a +0 hat (almost dead, 94% to hit)
You shoot an arrow. The arrow barely misses the bat.
The arrow hits Gastronok but does no damage.
Gastronok is almost dead.
Fire: 76 arrows
Press: ? - help, Q - select action, (/) - cycle Shift-Dir - straight line, f/p - Gastronok
Aim: Gastronok, wearing a +0 hat (almost dead, 94% to hit)
You shoot an arrow. The arrow misses the bat.
The arrow hits Gastronok but does no damage.
Gastronok is almost dead.
The bat hits you.
Casting: Searing Ray (safe; 1% risk of failure)
Confirm with . or Enter, or press ? or * to list all spells.
Aiming: Searing Ray (safe; 1% risk of failure)
Press: ? - help, Shift-Dir - straight line, f/p - Gastronok
Aim: Gastronok, wearing a +0 hat (almost dead, 0% to evade)
The searing ray hits Gastronok!
Gastronok is almost dead. (Press . to maintain the ray.)
The bat closely misses you.
Gastronok waves his eye-stalks in wide circles.
The air twists around and strikes you!!
* * * LOW HITPOINT WARNING * * *
The searing ray hits the bat.
You kill the bat!
The bat's corpse disappears in a puff of smoke!
The searing ray hits Gastronok!
Gastronok is almost dead.
Gastronok waves his eye-stalks in wide circles.
The air twists around and strikes you!!
Ouch! That really hurt!
You die...

####### #.....# #.....#
#.....# #.....# #.....#
#.########.....#
...............#
#.#####@##.....# #..#
#.###.#### . #o ..#
#.....# Z##. ..# #.#...#
...#.###.# #.#...#
#So#....)####.#...#
####.( ###)#w(w.#...####
.....( #.(((.##.....##..
#..).###(###.##.#...##.#


You could see Gastronok.

Vanquished Creatures
  Maggie (D:7)
  A kobold demonologist (D:8)
  Menkaure (D:7)
  An orc warrior (D:6)
  2 black bears
  5 ogres
  A centaur (D:7)
  A kobold brigand (D:8)
  5 bullfrogs
  A scorpion (D:7)
  A killer bee (D:8)
  2 howler monkeys (D:7)
  A centaur zombie (D:8)
  A bullfrog zombie (D:5)
  4 hounds
  4 orc priests
  A bullfrog skeleton (D:7)
  2 iguanas (D:5)
  3 orc wizards
  3 worker ants
  A killer bee zombie (D:8)
  2 hound zombies (D:3)
  2 hound skeletons
  A howler monkey skeleton (D:7)
  12 adders
  3 shadow imps
  A white imp (D:5)
  An ufetubus (D:8)
  An ooze (D:1)
  4 adder skeletons
  3 adder zombies
  2 worms (D:2)
  A dart slug (D:2)
  4 leopard geckos
  22 orcs
  A ball python (D:5)
  7 bats
  5 giant cockroaches
  6 goblins
  9 hobgoblins
  12 jackals
  4 quokkas
  A ball python skeleton (D:4)
  9 frilled lizards
  A jackal skeleton (D:3)
  A jackal zombie (D:5)
  9 kobolds
  A leopard gecko skeleton (D:4)
  A quokka skeleton (D:4)
  6 rats
174 creatures vanquished.

Vanquished Creatures (others)
  8 fulminant prisms
8 creatures vanquished.

Grand Total: 182 creatures vanquished

Notes
Turn   | Place    | Note
-------+----------+-------------------------------------------
     0 | D:1      | jestyr24 the Deep Elf Conjurer began the quest for the Orb.
     0 | D:1      | Reached XP level 1. HP: 10/10 MP: 6/6
   308 | D:1      | Reached XP level 2. HP: 7/15 MP: 1/8
  1127 | D:2      | Reached skill level 5 in Conjurations
  1329 | D:2      | Reached XP level 3. HP: 19/19 MP: 6/9
  1705 | D:2      | Learned a level 2 spell: Searing Ray
  2196 | D:2      | Reached XP level 4. HP: 24/24 MP: 4/11
  2458 | D:3      | Learned a level 4 spell: Fulminant Prism
  2830 | D:3      | Reached skill level 1 in Hexes
  2906 | D:3      | Reached XP level 5. HP: 28/28 MP: 7/13
  3755 | D:4      | Reached skill level 6 in Conjurations
  3873 | D:4      | Found a staircase to the Ecumenical Temple.
  3881 | Temple   | Entered the Ecumenical Temple
  3991 | Temple   | Became a worshipper of Vehumet
  4397 | D:4      | Reached XP level 6. HP: 32/32 MP: 9/15
  4978 | D:5      | Entered Level 5 of the Dungeon
  5029 | D:5      | Reached skill level 5 in Spellcasting
  5160 | D:5      | Reached XP level 7. HP: 36/36 MP: 12/17
  5317 | D:5      | Found a shimmering altar of Xom.
  5326 | D:5      | Reached * piety under Vehumet
  5326 | D:5      | Offered knowledge of Foxfire by Vehumet.
  5333 | D:5      | Reached skill level 7 in Conjurations
  6609 | D:6      | Reached skill level 1 in Fighting
  6777 | D:6      | Reached XP level 8. HP: 45/45 MP: 9/20
  7176 | D:6      | Found a sparkling altar of Nemelex Xobeh.
  7292 | D:7      | Noticed Maggie
  7305 | D:7      | Killed Maggie
  7312 | D:7      | Offered knowledge of Sandblast by Vehumet.
  7313 | D:7      | Reached skill level 5 in Fighting
  7478 | D:7      | Reached ** piety under Vehumet
  7899 | D:7      | Reached skill level 1 in Bows
  7954 | D:7      | Found a shadowy altar of Dithmenos.
  8166 | D:7      | Noticed Menkaure
  8170 | D:7      | Killed Menkaure
  8350 | D:7      | Reached XP level 9. HP: 54/54 MP: 18/21
  8615 | D:8      | Noticed a kobold demonologist
  8624 | D:8      | Killed a kobold demonologist
  8625 | D:8      | Reached skill level 5 in Stealth
  8734 | D:8      | Found a shimmering blue altar of Sif Muna.
  9005 | D:8      | Offered knowledge of Mephitic Cloud by Vehumet.
  9100 | D:8      | Reached skill level 8 in Conjurations
  9157 | D:8      | Noticed Gastronok
  9199 | D:8      | Killed from afar by Gastronok

Illustrated notes

Levels and vault maps discovered:
D:1:      psy_arrival_whirlpool, layout_loops_corners
D:2:      layout_basic, minmay_misc_feat_nine_boxes
D:3:      layout_loops_cross, serial_undead, serial_undead_a, serial_undead_a,
          serial_undead_c, serial_undead_f, grunt_decor_mini_mirrors,
          minmay_cut_off
D:4:      layout_loops_ring, minmay_temple_entry_large_hall,
          chequers_serial_rivers_large_b
D:5:      layout_basic, xom_confusion_cloud
D:6:      layout_basic, nemelex_diamond_rough_becter
D:7:      layout_loops_ring, basic_altar, kennysheep_cross_bottleneck,
          uniq_maggie, uniq_menkaure
D:8:      kennysheep_ambush_hall, layout_basic, lemuel_blue_sif_altar,
          uniq_grum, uniq_gastronok
Temple:   compressed_dpeg_circular_temple

Skill      XL: |  1  2  3  4  5  6  7  8  9 |
---------------+----------------------------+-----
Conjurations   | 5 6 7 8 |  8.0
Stealth        | 3 4 5 |  5.1
Hexes          | 1 2 3 4 |  4.4
Spellcasting   | 4 5 6 7 |  7.9
Dodging        | 3 |  3.3
Fighting       | 2 5 |  5.3
Bows           | 4 7 |  7.2

Action                   |  1- 3 |  4- 6 |  7- 9 || total
-------------------------+-------+-------+-------++-------
Melee: Hand axe          |    26 |    16 |    17 ||    59
 Fire: Shortbow          |       |       |    61 ||    61
 Cast: Magic Dart        |    69 |    53 |    81 ||   203
       Searing Ray       |     1 |    27 |    52 ||    80
       Fulminant Prism   |       |       |     8 ||     8
  Use: Potion            |       |     1 |       ||     1
       Scroll            |       |       |     9 ||     9
 Stab: Sleeping          |     2 |     1 |     1 ||     4
Armor: Robe              |     4 |     5 |     2 ||    11
Dodge: Dodged            |    20 |    29 |    37 ||    86
Block: Buckler           |       |       |     8 ||     8

Table legend: (Time is in decaauts)
 A = Elapsed time spent in this place.
 B = Non-inter-level travel time spent in this place.
 C = Inter-level travel time spent in this place.
 D = Time resting spent in this place.
 E = Time spent auto-exploring this place.
 F = Levels seen in this place.
 G = Mean time per level.
                   A        B        C        D        E       F      G
               +--------+--------+--------+--------+--------+-----+--------+
         Total |   9246 |   8925 |    321 |   1481 |   5893 |   9 | 1027.3 |
       Dungeon |   9102 |   8813 |    289 |   1481 |   5808 |   8 | 1137.8 |
        Temple |    143 |    111 |     32 |      0 |     85 |   1 |  143.0 |
               +--------+--------+--------+--------+--------+-----+--------+

Top non-repeatable levels by time:
     D:5: 1599 daAuts
     D:2: 1351 daAuts
     D:3: 1257 daAuts
     D:7: 1234 daAuts
     D:4: 1158 daAuts
     D:1: 1109 daAuts
     D:8: 716 daAuts
     D:6: 675 daAuts
  Temple: 143 daAuts
